 Dungeon Crawl Stone Soup version 0.27-a0-263-gc8dee61f84 (webtiles) character file.

Game seed: 17989964888729736378

79 greenwhat the Chopper (level 4, 0/40 HPs)
             Began as a Hill Orc Berserker on Feb 5, 2021.
             Was a Believer of Trog.
             Slain by a jackal (2 damage)
             ... on level 2 of the Dungeon.
             The game lasted 00:11:16 (1691 turns).

greenwhat the Chopper (Hill Orc Berserker)          Turns: 1691, Time: 00:11:16

Health: 0/40       AC:  3    Str: 20    XL:     4   Next: 38%
Magic:  4/4        EV: 12    Int:  7    God:    Trog [**....]
Gold:   63         SH:  0    Dex: 10    Spells: 3/3 levels left

rFire    . . .     SeeInvis .   a - +0 hand axe
rCold    . . .     Faith    .   (no shield)
rNeg     . . .     Spirit   .   v - +0 leather armour
rPois    .         Reflect  .   (no helmet)
rElec    .         Harm     .   (no cloak)
rCorr    .         Rampage  .   (no gloves)
Will     .....                  (no boots)
Stlth    +.........             (no amulet)
HPRegen  0.13/turn              (no ring)
MPRegen  0.09/turn              (no ring)

@: no status effects
A: no striking features
a: Renounce Religion, Berserk, Trog's Hand


You were on level 2 of the Dungeon.
You worshipped Trog.
Trog was pleased with you.
You visited 1 branch of the dungeon, and saw 2 of its levels.

You collected 63 gold pieces.

Inventory:

Hand Weapons
 a - a +0 hand axe (weapon)
 c - a +0 whip
 l - a +0 whip
Missiles
 g - 75 stones
 i - 7 boomerangs (quivered)
Armour
 b - a +0 animal skin
 r - a +0 robe
 v - a +0 leather armour (worn)
Jewellery
 q - an uncursed amulet of faith {unknown}
 s - an uncursed ring of poison resistance {unknown}
Scrolls
 e - a scroll of amnesia {unknown}
 h - a scroll of remove curse {unknown}
 j - 3 scrolls of identify {unknown}
 m - 2 scrolls of fog {unknown}
 n - a scroll of magic mapping {unknown}
 o - a scroll of enchant armour {unknown}
 p - 3 scrolls of random uselessness {unknown}
 t - a scroll of immolation {unknown}
 u - a scroll of teleportation {unknown}
Potions
 d - 2 potions of haste {unknown}
 f - 2 potions of curing {unknown}
 k - 4 potions of heal wounds {unknown}


   Skills:
 + Level 4.0 Fighting
 + Level 5.5 Axes
 + Level 0.5 Throwing
 + Level 2.5 Armour
 + Level 2.1 Dodging
 + Level 0.2 Stealth


You had 3 spell levels left.
You didn't know any spells.
Your spell library was empty.

Dungeon Overview and Level Annotations

Branches:
Dungeon (2/15)

Altars:

Annotations:
D:2 Sigmund


Message History

You feel less confused.
Sigmund hits you with a +2 vorpal scythe!
You barely miss Sigmund.
Sigmund is lightly wounded.
Sigmund barely misses you.
You hit Sigmund but do no damage.
Sigmund is lightly wounded.
You closely miss Sigmund.
Sigmund is lightly wounded.
Sigmund hits you with a +2 vorpal scythe!
* * * LOW HITPOINT WARNING * * *
x2 You closely miss Sigmund.
Sigmund is lightly wounded.
Sigmund hits you with a +2 vorpal scythe.
* * * LOW HITPOINT WARNING * * *
x2 A jackal comes into view.
The jackal barks!
The jackal closely misses you. The jackal bites you.
You die...

##.#.## ##.#.#.## ##.#.#.#.##
##.#.###.#.## ##.#.##)##.#.##
##.#$##.#.##.#.##
######.#.##@#.#.##.#.##
########..##.#.##h#.#)#.##.#.##
.........##.#.##@#.##..#.##.#.#
########.#.#.##.#.##..#.##.#.##
#..#.##?#.##).#.##.#.##
#...##.#.##.#..##.#.##
#..##.#.##.#..##.#.## ##
#.##.#.##.#..##.#.##
.#######.### ##.#.#.#†##
.......#.# ##.#.#.##
.#####.#.## ##.#.##


You could see Sigmund and a jackal.

Vanquished Creatures
  Jessica (D:2)
  An adder (D:2)
  2 dart slugs
  2 ball pythons
  2 giant cockroaches (D:2)
  4 goblins
  5 hobgoblins
  3 jackals (D:1)
  5 bats (D:1)
  3 frilled lizards
  6 kobolds (D:1)
  3 rats
37 creatures vanquished.

Vanquished Creatures (others)
  2 fungi (D:2)
2 creatures vanquished.

Grand Total: 39 creatures vanquished

Notes
Turn   | Place    | Note
-------+----------+-------------------------------------------
     0 | D:1      | greenwhat the Hill Orc Berserker began the quest for the
                  | Orb.
     0 | D:1      | Reached XP level 1. HP: 19/19 MP: 1/1
   201 | D:1      | Reached XP level 2. HP: 20/27 MP: 2/2
   649 | D:1      | Reached XP level 3. HP: 18/33 MP: 3/3
   938 | D:2      | Reached skill level 5 in Axes
  1309 | D:2      | Noticed Jessica
  1323 | D:2      | Killed Jessica
  1324 | D:2      | Reached XP level 4. HP: 21/40 MP: 4/4
  1598 | D:2      | Reached ** piety under Trog
  1672 | D:2      | Noticed Sigmund
  1687 | D:2      | HP: 2/40 [Sigmund/+2 vorpal scythe (2)]
  1691 | D:2      | Slain by a jackal

Illustrated notes

Levels and vault maps discovered:
D:1:      heliophobic_arrival_ceremonial_halls, layout_basic,
          chequers_serial_rivers_room_a, minmay_pentomino_r4
D:2:      minmay_inner_zag, layout_loops_ring, chequers_mini_garden,
          uniq_sigmund, uniq_crazy_yiuf_cottage, uniq_jessica

Skill      XL: |  1  2  3 |
---------------+----------+-----
Axes           | 5 |  5.5
Fighting       | 4 |  4.0
Dodging        | 2 |  2.1
Throwing       | |  0.5
Armour         | |  2.5
Stealth        | |  0.2

Action                   |  1- 3 |  4- 6 || total
-------------------------+-------+-------++-------
Melee: Hand axe          |    82 |    28 ||   110
Throw: Boomerang         |    12 |       ||    12
Armor: Animal skin       |    17 |     2 ||    19
       Leather armour    |       |     1 ||     1
Dodge: Dodged            |    61 |    16 ||    77

Table legend: (Time is in decaauts)
 A = Elapsed time spent in this place.
 B = Non-inter-level travel time spent in this place.
 C = Inter-level travel time spent in this place.
 D = Time resting spent in this place.
 E = Time spent auto-exploring this place.
 F = Levels seen in this place.
 G = Mean time per level.
                   A        B        C        D        E       F      G
               +--------+--------+--------+--------+--------+-----+--------+
         Total |   1700 |   1690 |     10 |    495 |      0 |   2 |  850.0 |
       Dungeon |   1700 |   1690 |     10 |    495 |      0 |   2 |  850.0 |
               +--------+--------+--------+--------+--------+-----+--------+

Top non-repeatable levels by time:
     D:1: 931 daAuts
     D:2: 769 daAuts
